Map: Vigía EE

Players

MrFercho - Winner!

  • Race: Zerg Zerg
  • League: Silver
  • Spawn Location: 9:00

tigro - Winner!

  • Race: Terran Terran
  • League: Bronze
  • Spawn Location: 9:00

TATORREA - Winner!

  • Race: Protoss Protoss
  • League: Silver
  • Spawn Location: 12:00

DiBoa

  • Race: Terran Terran
  • Spawn Location: 5:00

TopKiller

  • Race: Terran Terran
  • Spawn Location: 6:00

UnrulyPossum

  • Race: Zerg Zerg
  • Spawn Location: 5:00

VOD

Have the link to the VOD?

Description

Time

  • Played on: June 17, 2020, 9:10 p.m.
  • Length: 15:56
Show
View Real Time Build Order
Export as new Build Order

MrFercho Zerg - Winner!

Build Orders: Hatch First 

Get SALT Encoding   

  12  0:01  Drone  
  13  0:15  Drone  
  13  0:17  Overlord  
  14  0:38  Drone x3  
  17  0:55  Hatchery  
  16  1:10  Spawning Pool, Drone  
  16  1:14  Drone  
  16  1:18  Drone  
  18  1:25  Drone  
  19  1:29  Extractor  
  18  1:33  Drone  
  19  1:48  Drone  
  20  1:54  Drone  
  21  2:06  Queen  
  21  2:07  Queen  
  25  2:09  Overlord x2  
  25  2:15  Drone  
  25  2:17  Drone  
  27  2:29  Metabolic Boost  
  27  2:32  Drone x2  
  27  2:35  Extractor  
  28  2:37  Drone  
  28  2:39  Drone  
  30  2:46  Queen  
  32  3:04  Lair  
  32  3:11  Zergling x4, Spine Crawler  
  32  3:12  Spine Crawler x2  
  31  3:23  Overlord  
  31  3:25  Drone x2  
  34  3:27  Drone  
  34  3:54  Drone  
  34  3:55  Drone x6  
  41  4:00  Extractor  
  40  4:13  Evolution Chamber  
  39  4:31  Drone  
  39  4:34  Drone x4  
  39  4:35  Drone x2  
  46  4:40  Zerg Melee Weapons Level 1  
  46  4:48  Spire  
  46  4:49  Zergling x12  
  51  4:58  Extractor  
  50  5:08  Drone x2  
  50  5:11  Hatchery  
  51  5:24  Drone  
  51  5:25  Overlord x3  
  51  5:26  Overlord  
  52  5:37  Evolution Chamber  
  51  5:47  Drone x4  
  52  6:07  Mutalisk x6  
  64  6:18  Drone  
  64  6:19  Drone  
  66  6:27  Zerg Ground Armor Level 1  
  66  6:32  Drone  
  67  6:33  Drone  
  64  6:59  Drone  
  64  7:00  Drone x5  
  69  7:04  Drone x3  
  72  7:15  Drone x4  
  76  7:45  Extractor x2  
  74  7:54  Mutalisk x8  
  74  7:57  Overlord  
  74  7:58  Overlord x2  
  90  8:16  Drone x5  
  95  8:31  Spine Crawler  
  95  8:32  Spine Crawler x2  
  95  8:33  Spine Crawler, Drone x5  
  95  8:34  Spine Crawler, Drone x2  
  98  8:36  Spine Crawler  
  96  9:06  Zergling x16  
  104  9:15  Hatchery  
  103  9:18  Extractor  
  103  9:19  Baneling Nest  
  103  9:20  Extractor  
  100  9:33  Drone  
  101  9:48  Hatchery  
  101  9:49  Hatchery  
  100  10:00  Zergling x26, Infestation Pit  
  111  10:13  Drone x3  
  114  10:14  Overlord x2  
  114  10:36  Hatchery  
  114  10:40  Hive  
  113  10:51  Mutalisk  
  113  10:52  Mutalisk x10  
  135  10:57  Overlord x6  
  135  11:11  Mutalisk x5  
  135  11:12  Mutalisk  
  135  11:15  Overlord x4  
  147  11:29  Drone x4  
  151  11:38  Drone x3  
  151  11:39  Drone x11  
  165  11:49  Mutalisk  
  165  11:50  Mutalisk x8  
  183  12:04  Centrifical Hooks  
  183  12:11  Baneling x18  
  183  12:12  Baneling x24  
  183  12:15  Mutalisk x7  
  197  12:37  Zerg Ground Armor Level 2, Zerg Melee Weapons Level 2  
  197  12:45  Adrenal Glands  
  172  13:24  Mutalisk x8  
  138  13:48  Mutalisk x5  
  146  13:56  Zerg Flyer Weapons Level 1  
  144  14:07  Spire  
  143  14:20  Mutalisk x8  
  143  14:21  Mutalisk x4  
Show
View Real Time Build Order
Export as new Build Order

tigro Terran - Winner!

Build Orders:  

Get SALT Encoding   

  12  0:03  SCV  
  13  0:16  SCV  
  14  0:28  SCV  
  15  0:30  Supply Depot  
  15  0:36  Refinery  
  15  0:51  SCV  
  16  0:58  Barracks  
  16  1:03  SCV  
  17  1:10  Refinery  
  17  1:16  SCV  
  18  1:28  SCV  
  18  1:31  Supply Depot  
  19  1:40  SCV  
  19  1:45  Marine  
  21  1:52  SCV  
  22  1:59  Barracks  
  22  2:03  Marine  
  22  2:04  SCV  
  24  2:16  SCV  
  24  2:21  Marine  
  26  2:27  Engineering Bay  
  26  2:28  SCV  
  27  2:38  Marine  
  28  2:45  Orbital Command  
  28  2:48  Factory  
  28  2:56  Marine  
  29  3:01  Barracks Tech Lab  
  29  3:27  Barracks Tech Lab  
  29  3:43  Missile Turret  
  29  3:54  Factory Tech Lab  
  29  4:05  Missile Turret  
  29  4:13  Starport  
  29  4:26  Missile Turret  
  29  4:32  Marine x2  
  31  4:39  Combat Shield  
  31  4:43  Command Center  
  31  4:48  Missile Turret  
  31  4:50  Stimpack, Marine x2  
  33  5:00  Medivac  
  35  5:08  Marine x2  
  37  5:14  Missile Turret  
  37  5:15  Fusion Core  
  37  5:35  Missile Turret  
  37  5:38  Siege Tank  
  38  5:56  Refinery  
  33  6:00  Missile Turret  
  33  6:29  Concussive Shells  
  25  6:44  Marine  
  25  6:46  Marine  
  21  7:02  Marine, Siege Tank  
  21  7:04  Marine  
  23  7:20  Marine  
  23  7:21  Marine  
  24  7:34  Siege Tank  
  27  7:38  Marine  
  27  7:39  Marine  
  28  7:54  Missile Turret  
  28  7:55  Marine  
  28  7:57  Marine  
  30  8:06  Siege Tank  
  33  8:13  Marine, SCV  
  33  8:15  Marine  
  36  8:25  SCV  
  37  8:31  Marine  
  37  8:33  Marine  
  39  8:37  Medivac, SCV  
  42  8:44  Terran Infantry Weapons Level 1  
  42  8:49  Command Center  
  42  8:50  SCV  
  43  9:10  Starport Tech Lab  
  43  9:13  Weapon Refit  
  43  9:39  Armory  
  43  10:04  Refinery  
  43  10:10  SCV  
  44  10:22  SCV  
  45  10:34  SCV  
  46  10:38  Terran Infantry Armor Level 1  
  46  10:46  SCV  
  47  10:53  Rapid Reignition System  
  47  10:58  SCV  
  48  11:10  Supply Depot, SCV  
  49  11:20  Marine x2  
  49  11:22  SCV  
  52  11:33  Supply Depot  
  52  11:34  SCV  
  52  11:38  Marine  
  54  11:46  SCV  
  55  11:49  Advanced Ballistics  
  55  11:56  Supply Depot  
  55  11:58  SCV  
  56  12:02  Siege Tank  
  56  12:05  Battlecruiser  
  65  12:11  Planetary Fortress  
  65  12:18  Missile Turret  
  65  12:28  Marine x2  
  67  12:32  Neosteel Armor  
  67  12:34  Siege Tank  
  70  12:42  Missile Turret  
  70  12:46  Marine x2  
  72  13:04  Marine x2  
  72  13:10  Battlecruiser  
  61  13:22  Marine x2  
  59  13:39  Marine  
  59  13:40  Marine  
  61  13:57  Marine x2  
  63  14:12  Hi-Sec Auto Tracking  
  63  14:15  Marine x2  
  65  14:33  Marine x2  
  65  14:34  Medivac  
  69  14:50  Command Center  
  75  15:07  Missile Turret  
  75  15:11  Marine x2  
  77  15:29  SCV  
  77  15:30  Missile Turret  
  78  15:41  SCV  
  79  15:51  Missile Turret  
Show
View Real Time Build Order
Export as new Build Order

TATORREA Protoss - Winner!

Build Orders: Carriers 

Get SALT Encoding   

  12  0:02  Probe  
  14  0:14  Probe  
  14  0:20  Pylon  
  14  0:26  Probe  
  15  0:38  Probe  
  15  0:42  Gateway  
  16  0:49  Probe  
  16  0:56  Assimilator  
  17  0:57  Probe  
  18  1:05  Probe  
  19  1:15  Probe  
  20  1:23  Probe  
  20  1:28  Pylon  
  20  1:29  Assimilator  
  20  1:31  Probe  
  21  1:43  Probe  
  22  1:55  Probe, Cybernetics Core  
  22  1:56  Gateway  
  23  2:07  Probe  
  24  2:19  Probe  
  25  2:25  Nexus  
  25  2:32  Pylon  
  25  2:33  Probe  
  26  2:45  Probe  
  27  2:52  Warp Gate  
  27  2:56  Stalker  
  27  2:57  Probe  
  30  3:03  Stalker  
  32  3:09  Probe  
  29  3:22  Probe  
  30  3:34  Probe  
  31  3:40  Probe  
  32  3:44  Stalker  
  32  3:46  Probe  
  35  3:51  Stalker  
  35  3:52  Probe  
  38  3:58  Probe  
  39  4:04  Probe  
  40  4:10  Probe  
  40  4:11  Assimilator  
  40  4:15  Assimilator  
  40  4:16  Probe  
  42  4:21  Robotics Facility  
  42  4:22  Probe  
  43  4:28  Probe  
  44  4:34  Probe  
  44  4:37  Pylon  
  45  4:39  Probe  
  45  4:41  Pylon  
  45  4:43  Probe  
  46  4:47  Probe  
  46  4:51  Probe  
  48  4:55  Probe  
  50  5:00  Probe  
  50  5:04  Stargate  
  50  5:06  Protoss Air Weapons Level 1, Stargate  
  51  5:07  Probe  
  51  5:13  Probe  
  53  5:19  Probe  
  54  5:25  Probe  
  54  5:27  Nexus  
  55  5:33  Pylon, Probe  
  56  5:37  Probe  
  57  5:46  Probe  
  57  5:49  Probe  
  59  5:50  Pylon  
  59  5:54  Pylon  
  59  5:58  Probe  
  60  6:07  Stalker, Probe  
  60  6:08  Stalker  
  60  6:10  Probe  
  66  6:15  Probe  
  66  6:22  Probe  
  68  6:31  Fleet Beacon  
  68  6:36  Stalker x2  
  72  6:49  Probe x2  
  74  7:01  Probe  
  74  7:02  Probe  
  74  7:04  Stalker  
  74  7:07  Stalker  
  78  7:14  Protoss Air Armor Level 1, Probe  
  78  7:15  Probe  
  80  7:22  Assimilator  
  80  7:24  Assimilator  
  80  7:27  Probe x2  
  82  7:34  Nexus  
  80  7:37  Pylon  
  80  7:39  Probe x2  
  80  7:43  Carrier x2  
  94  7:55  Probe x2  
  96  8:09  Probe x2  
  96  8:11  Probe  
  99  8:21  Probe x2  
  99  8:23  Probe  
  102  8:35  Pylon, Probe x3  
  105  8:41  Pylon x2  
  105  8:45  Pylon  
  105  8:46  Pylon  
  105  8:47  Carrier x2, Probe x2  
  105  8:48  Probe  
  120  9:02  Probe x2  
  122  9:05  Protoss Air Weapons Level 2  
  122  9:13  Nexus  
  122  9:16  Assimilator  
  122  9:17  Stargate  
  122  9:19  Assimilator  
  122  9:20  Pylon, Stargate  
  122  9:32  Gateway  
  122  9:42  Gateway  
  122  9:44  Gateway  
  122  9:47  Gateway  
  122  9:51  Gateway, Carrier x2  
  134  9:53  Gateway  
  134  9:56  Gateway  
  134  9:59  Gateway  
  134  10:05  Tempest x2  
  144  10:10  Gateway  
  144  10:13  Gateway  
  144  10:16  Stalker x2, Gateway  
  144  10:20  Gateway, Immortal  
  152  10:35  Pylon  
  152  10:38  Pylon, Carrier  
  152  10:43  Cybernetics Core  
  152  10:48  Carrier  
  152  10:49  Tempest  
  164  10:50  Stalker x3, Tempest  
  180  11:15  Stalker  
  180  11:16  Stalker x4  
  180  11:17  Stalker x5  
  200  11:36  Protoss Air Weapons Level 3, Protoss Air Armor Level 2  
  200  11:41  Forge  
  200  11:43  Forge  
  200  11:46  Forge  
Show
View Real Time Build Order
Export as new Build Order

DiBoa Terran 

Build Orders:  

Get SALT Encoding   

  12  0:02  SCV  
  13  0:20  Supply Depot  
  13  0:23  SCV  
  14  0:35  SCV, Refinery  
  15  0:47  Barracks  
  15  0:57  SCV  
  16  1:09  SCV  
  17  1:17  Supply Depot  
  17  1:46  Supply Depot  
  17  1:48  Marine  
  18  1:57  Bunker  
  18  2:06  Marine  
  18  2:07  SCV  
  20  2:17  Refinery  
  20  2:19  SCV  
  21  2:30  Bunker  
  21  2:37  Marine  
  22  2:46  Barracks  
  22  2:55  Marine  
  23  3:00  SCV  
  24  3:10  Barracks  
  24  3:12  SCV  
  25  3:21  Marine  
  26  3:36  Barracks Reactor  
  26  3:39  Marine  
  27  3:57  Marine  
  27  4:01  Factory  
  27  4:02  Barracks Reactor  
  28  4:14  Marine  
  29  4:17  Reaper x2  
  31  4:26  SCV  
  32  4:32  Reaper  
  33  4:39  SCV  
  33  4:43  Reaper x2  
  36  4:49  Reaper x2  
  38  5:05  Reaper  
  39  5:22  Supply Depot  
  39  5:26  Command Center  
  39  5:30  Engineering Bay  
  39  5:36  Supply Depot  
  39  5:44  Reaper x5  
  44  6:13  Terran Infantry Weapons Level 1  
  44  6:16  Reaper x5  
  49  6:20  Engineering Bay  
  47  6:48  Marine, Reaper x2  
  39  7:10  SCV x2  
  39  7:12  Marine x2, Reaper  
  43  7:20  Marine x2  
  43  7:22  SCV x2  
  45  7:30  Marine x2  
  45  7:34  SCV x2  
  47  7:37  Marine  
  48  7:46  Reaper  
  48  7:47  Reaper  
  48  7:48  Reaper x2  
  52  7:56  Reaper  
  52  7:57  Terran Infantry Armor Level 1  
  53  8:01  Missile Turret  
  53  8:04  Missile Turret  
  53  8:18  Reaper  
  53  8:19  Reaper, SCV  
  56  8:20  Reaper x2  
  56  8:24  Hi-Sec Auto Tracking  
  58  8:28  Reaper  
  58  8:31  SCV  
  60  8:37  Starport  
  60  8:43  SCV x2  
  62  8:53  Missile Turret  
  62  8:55  SCV x2  
  64  8:56  Missile Turret  
  64  9:02  Refinery  
  64  9:04  Missile Turret  
  64  9:07  SCV x2  
  66  9:12  Missile Turret  
  66  9:16  Missile Turret  
  66  9:30  Planetary Fortress  
  66  9:33  Orbital Command  
  66  9:40  Refinery  
  66  9:42  Missile Turret  
  66  9:53  Missile Turret  
  66  10:04  Viking  
  68  10:14  Starport  
  68  10:21  Marine x2  
  70  10:39  Starport Reactor  
  70  10:46  Supply Depot  
  70  10:51  Supply Depot  
  70  10:56  Armory  
  70  11:07  Supply Depot  
  70  11:08  Marine x5, SCV  
  76  11:20  SCV  
  76  11:24  Starport Reactor  
  77  11:25  Marine x4  
  77  11:27  Command Center  
  77  11:32  SCV  
  82  11:33  Starport  
  82  11:47  Viking x2  
  86  11:56  Terran Ship Weapons Level 1  
  86  12:05  Medivac  
  88  12:11  Viking  
  88  12:15  Starport Reactor  
  90  12:17  Viking x2  
  88  12:47  Medivac  
  43  13:50  Terran Vehicle And Ship Armor Level 1  
Show
View Real Time Build Order
Export as new Build Order

TopKiller Terran 

Build Orders:  

Get SALT Encoding   

  12  0:03  SCV  
  13  0:15  SCV  
  13  0:17  Refinery  
  14  0:29  SCV  
  14  0:30  Supply Depot  
  15  0:52  SCV  
  15  0:54  Barracks  
  16  1:04  SCV  
  16  1:09  Refinery  
  17  1:16  SCV  
  18  1:28  SCV  
  19  1:35  Supply Depot  
  19  1:40  SCV  
  20  1:50  Barracks Reactor  
  20  1:54  Factory  
  20  1:58  SCV  
  20  2:00  Supply Depot  
  21  2:10  SCV  
  22  2:22  SCV  
  23  2:27  Marine x2  
  25  2:38  Factory Tech Lab  
  25  2:43  Starport  
  25  2:45  Marine x2, SCV  
  25  2:47  Supply Depot  
  28  3:03  Marine x2  
  30  3:16  Siege Tank  
  33  3:24  Starport Reactor  
  33  3:31  Supply Depot  
  33  3:39  Marine x2  
  35  3:48  Siege Tank  
  38  3:57  Marine x2  
  38  4:00  Medivac  
  38  4:01  Medivac  
  44  4:17  Command Center  
  44  4:24  Marine x2  
  44  4:30  Medivac  
  48  4:49  Orbital Command  
  48  4:53  Medivac  
  48  4:55  Marine x2  
  52  5:13  Marine x2  
  54  5:23  Supply Depot  
  54  5:26  SCV  
  55  5:29  Siege Tank  
  58  5:38  SCV  
  40  6:04  SCV  
  36  6:08  Refinery  
  36  6:11  SCV, Refinery  
  36  6:14  Supply Depot  
  36  6:16  Viking, SCV  
  38  6:23  SCV  
  39  6:28  SCV  
  40  6:40  SCV x2  
  41  6:49  Viking  
  41  6:52  SCV x2  
  45  7:04  SCV x2  
  47  7:10  Viking  
  49  7:16  SCV x2  
  49  7:19  Viking  
  52  7:28  SCV x2  
  54  7:35  Starport  
  54  7:39  Viking  
  54  7:40  SCV  
  56  7:44  Supply Depot  
  56  7:49  Viking  
  56  7:50  Armory  
  57  7:53  SCV  
  58  8:05  SCV  
  59  8:08  Supply Depot  
  59  8:09  Viking  
  61  8:16  Siege Tank  
  61  8:17  SCV  
  61  8:18  Viking  
  61  8:19  Starport Reactor  
  67  8:23  Starport  
  67  8:29  SCV  
  67  8:30  Supply Depot  
  68  8:39  Viking, Armory  
  71  8:41  SCV  
  71  8:42  Command Center  
  71  8:43  Terran Ship Weapons Level 1  
  71  8:48  Viking  
  71  8:55  Siege Tank  
  77  8:58  Orbital Command  
  76  9:09  Viking, Starport Reactor  
  78  9:15  Viking  
  80  9:18  Viking  
  82  9:38  Refinery  
  82  9:39  Viking  
  82  9:41  Refinery  
  82  9:44  Viking  
  82  9:45  Viking  
  88  9:48  Viking  
  88  9:49  Starport  
  90  9:56  SCV  
  91  10:01  SCV  
  92  10:08  SCV  
  92  10:12  SCV  
  92  10:13  SCV  
  95  10:20  SCV  
  96  10:22  Terran Vehicle And Ship Armor Level 1  
  96  10:24  SCV  
  96  10:25  SCV  
  98  10:32  SCV  
  99  10:36  SCV  
  100  10:43  Starport Reactor  
  100  10:44  SCV  
  100  10:47  Viking, Starport  
  100  10:48  Viking x3, SCV  
  100  10:49  Viking  
  112  10:56  SCV  
  113  11:00  SCV  
  114  11:08  SCV  
  114  11:09  Viking  
  117  11:13  Terran Ship Weapons Level 2  
  117  11:17  Viking  
  117  11:18  Viking x3  
  125  11:27  Supply Depot  
  125  11:44  Starport Reactor  
  125  11:49  Viking x4  
  125  11:51  Viking, SCV  
  136  11:56  Supply Depot  
  136  12:01  Viking x2  
  136  12:02  Viking  
  136  12:03  SCV  
  143  12:09  Siege Tank  
  146  12:18  Supply Depot  
  146  12:24  Command Center  
  146  12:27  Viking x2  
  150  12:41  Siege Tank  
  153  12:51  Viking x4  
  153  12:52  Viking x3  
  93  13:35  Viking x6  
  93  13:36  Viking x2  
  103  13:45  Viking x2  
  101  14:05  Viking x4  
  101  14:07  Viking  
  101  14:08  Viking x3  
  109  14:15  Viking x2  
  113  14:21  SCV  
  113  14:24  Refinery  
  114  14:33  SCV  
  114  14:35  Viking x4  
  114  14:37  Viking x2  
  114  14:38  Viking x2  
  131  14:45  Viking x2, SCV  
  135  14:57  SCV  
  107  15:05  Viking x4  
  85  15:07  Viking x2  
  85  15:08  Viking x2  
  85  15:09  SCV  
  94  15:15  Viking x2  
Show
View Real Time Build Order
Export as new Build Order

UnrulyPossum Zerg 

Build Orders: Pool First 

Get SALT Encoding   

  12  0:08  Drone  
  12  0:09  Drone  
  14  0:19  Overlord  
  14  0:25  Extractor  
  14  0:26  Drone  
  14  0:49  Spawning Pool  
  13  0:52  Drone  
  13  0:53  Drone  
  16  0:57  Drone  
  16  1:09  Extractor  
  15  1:15  Drone  
  15  1:17  Drone  
  17  1:41  Hatchery  
  16  1:49  Queen  
  18  2:02  Zergling x6  
  21  2:24  Roach Warren  
  20  2:37  Drone x2  
  20  2:40  Overlord  
  22  2:53  Lair  
  19  3:20  Roach x2  
  19  3:21  Roach x3  
  29  3:28  Overlord  
  29  3:39  Baneling Nest  
  28  3:58  Roach x4  
  28  3:59  Roach  
  38  4:05  Drone  
  38  4:06  Drone  
  40  4:10  Drone  
  41  4:21  Hydralisk Den  
  40  4:33  Zergling x6  
  40  4:34  Zergling x2  
  44  4:42  Overlord  
  44  4:48  Overlord  
  44  5:02  Drone  
  44  5:03  Drone x2  
  47  5:08  Drone  
  47  5:09  Drone  
  49  5:24  Hydralisk x2  
  53  6:05  Hydralisk x3  
  53  6:08  Zergling x2  
  53  6:11  Overlord x2  
  60  6:17  Overlord  
  60  6:18  Overlord x2  
  34  7:13  Hydralisk x3  
  39  7:22  Drone  
  39  7:23  Drone x2  
  41  7:31  Extractor  
  41  7:35  Grooved Spines  
  40  7:57  Drone x3, Spire  
  42  8:03  Drone  
  42  8:04  Hydralisk x5  
  53  8:32  Evolution Chamber  
  53  8:34  Extractor, Drone x3  
  52  8:38  Hydralisk x3  
  60  9:01  Lair  
  60  9:04  Drone x2  
  60  9:09  Hydralisk x2  
  66  9:35  Zerg Melee Weapons Level 1  
  66  9:45  Zergling x10  
  71  9:58  Overlord x3  
  71  10:32  Drone x2  
  71  10:33  Drone  
  74  10:42  Hatchery  
  73  10:52  Drone  
  74  11:03  Hydralisk x5  
  74  11:04  Hydralisk  
  86  11:15  Drone x2  
  86  11:17  Hatchery  
  87  11:20  Hatchery  
  86  11:29  Zerg Missile Weapons Level 1  
  86  11:33  Evolution Chamber  
  85  11:47  Drone x3  
  85  11:54  Hydralisk x3  
  94  12:10  Zerg Ground Armor Level 1  
  94  12:17  Hydralisk x2  
  98  12:27  Overlord  
  98  12:28  Overlord x2  
  98  12:33  Drone x3  
  101  12:37  Drone  
Tags
 
Add a new tag
Caveats
  • Supply blocks, unpowered buildings, or Contaminate may cause inaccurate times.
  • Supply counts are checked every 10 seconds.